 Dungeon Crawl Stone Soup version 0.27-a0-1529-g1e82c303ef (webtiles) character file.

Game seed: 16504905274493863202

53 Morbidden the Gusty (level 3, -9/32 HPs)
             Began as a Troll Air Elementalist on July 12, 2021.
             Mangled by Sigmund (12 damage)
             ... on level 2 of the Dungeon.
             The game lasted 00:01:56 (1098 turns).

Morbidden the Gusty (Troll Air Elementalist)        Turns: 1098, Time: 00:01:56

Health: -9/32      AC:  4    Str: 16    XL:     3   Next: 64%
Magic:  4/4        EV: 10    Int: 18    God:
Gold:   52         SH:  0    Dex: 10    Spells: 4/5 levels left

rFire    . . .     SeeInvis .   (no weapon)
rCold    . . .     Faith    .   (no shield)
rNeg     . . .     Spirit   .   a - +0 robe
rPois    +         Reflect  .   (helmet restricted)
rElec    .         Harm     .   (no cloak)
rCorr    .         Rampage  .   (gloves unavailable)
Will     .....                  (boots unavailable)
Stlth    +.........             (no amulet)
HPRegen  1.10/turn              f - +6 ring of intelligence
MPRegen  0.09/turn              c - ring of poison resistance

@: on berserk cooldown, slowed, very slow
A: large, unfitting armour, claws 3, regeneration 1, shaggy fur 1, tough skin 1
a: no special abilities


You were on level 2 of the Dungeon.
You visited 1 branch of the dungeon, and saw 2 of its levels.

You collected 52 gold pieces.

Inventory:

Armour
 a - a +0 robe (worn)
Jewellery
 c - a ring of poison resistance (right claw)
 f - a +6 ring of intelligence (left claw)
Scrolls
 b - 2 scrolls of identify {unknown}
 g - a scroll of holy word {unknown}


   Skills:
 * Level 0.3 Fighting
 * Level 2.1 Dodging
 + Level 1.1 Stealth
 + Level 0.5 Unarmed Combat
 * Level 1.5 Spellcasting
 * Level 0.7 Conjurations
 * Level 2.4 Air Magic


You had 4 spell levels left.
You knew the following spells:

 Your Spells              Type           Power      Damage    Failure   Level
a - Shock                 Conj/Air       28%        1d4       10%         1

Your spell library contained the following spells:

 Spells                   Type           Power      Damage    Failure   Level
 Static Discharge         Conj/Air       7%         N/A       16%         2
 Swiftness                Air            10%        N/A       21%         3
 Airstrike                Air            5%         N/A       56%         4


Dungeon Overview and Level Annotations

Branches:
Dungeon (2/15)

Altars:

Annotations:
D:2 Sigmund


Innate Abilities, Weirdness & Mutations

You are too large for most types of armour.
You have claws for hands.
Your natural rate of healing is unusually fast.
You are covered in fur. (AC +1)
You have tough skin. (AC +1)


Message History

Sigmund barely misses you.
Unknown command.
You bump into the rock wall.
You're too confused to move!
You feel a strong urge to attack something.
Sigmund hits you but does no damage.
Unknown command.
Unknown command.
You are too berserk!
Unknown command.
You are no longer berserk.
You are exhausted.
You feel yourself slow down.
Unknown command.
Sigmund hits you but does no damage. Sigmund closely misses you.
Unknown command.
It was a potion of curing.
You feel better.
Sigmund hits you from afar with a +1 scythe of protection!
Unknown command.
Sigmund barely misses you. x2
You scratch Sigmund but do no damage.
Sigmund is severely wounded.
Sigmund hits you with a +1 scythe of protection.
* * * LOW HITPOINT WARNING * * *
Unknown command.
You closely miss Sigmund.
Sigmund is severely wounded.
Sigmund closely misses you. x2
Unknown command.
You scratch Sigmund.
Sigmund is severely wounded.
Sigmund hits you with a +1 scythe of protection!
* * * LOW HITPOINT WARNING * * *
Unknown command.
You closely miss Sigmund.
Sigmund is severely wounded.
Sigmund hits you with a +1 scythe of protection.
* * * LOW HITPOINT WARNING * * *
Sigmund hits you with a +1 scythe of protection!
You die...

#....# #....# #....#
########### #..>.##
..........# #.....#
..........#
#.....#######
..........#
#.@.........
..........#
#.@........#
..........#
#.....####.
..........# ##+###.#
...>......####......#
.............'......#
##############......#
######.# #.# ..#


You could see Sigmund.

Vanquished Creatures
  2 adders (D:2)
  A dart slug (D:1)
  2 bats
  3 endoplasms (D:1)
  4 giant cockroaches
  4 goblins
  3 hobgoblins (D:1)
  3 jackals (D:1)
  2 ball pythons (D:1)
  4 kobolds
  3 rats
31 creatures vanquished.

Notes
Turn   | Place    | Note
-------+----------+-------------------------------------------
     0 | D:1      | Morbidden the Troll Air Elementalist began the quest for
                  | the Orb.
     0 | D:1      | Reached XP level 1. HP: 16/16 MP: 1/1
   145 | D:1      | Reached XP level 2. HP: 24/24 MP: 3/3
   628 | D:1      | Reached XP level 3. HP: 31/31 MP: 4/4
  1071 | D:2      | Noticed Sigmund
  1098 | D:2      | Mangled by Sigmund

Illustrated notes

Levels and vault maps discovered:
D:1:      amcnicky_arrival_abandoned_market, layout_basic
D:2:      layout_basic, uniq_sigmund

Skill      XL: |  1  2 |
---------------+-------+-----
Dodging        | 2 |  2.1
Fighting       | |  0.3
Stealth        | |  1.1
Unarmed Combat | |  0.5
Spellcasting   | |  1.5
Conjurations   | |  0.7
Air Magic      | |  2.4

Action                   || total
-------------------------++-------
Melee: Unarmed           ||   101
 Cast: Shock             ||    12
  Use: Potion            ||     2
 Stab: Sleeping          ||     3
Armor: Robe              ||    59
Dodge: Dodged            ||    55

Table legend: (Time is in decaauts)
 A = Elapsed time spent in this place.
 B = Non-inter-level travel time spent in this place.
 C = Inter-level travel time spent in this place.
 D = Time resting spent in this place.
 E = Time spent auto-exploring this place.
 F = Levels seen in this place.
 G = Mean time per level.
                   A        B        C        D        E       F      G
               +--------+--------+--------+--------+--------+-----+--------+
         Total |   1096 |   1066 |     30 |      0 |    848 |   2 |  548.0 |
       Dungeon |   1096 |   1066 |     30 |      0 |    848 |   2 |  548.0 |
               +--------+--------+--------+--------+--------+-----+--------+

Top non-repeatable levels by time:
     D:1: 918 daAuts
     D:2: 178 daAuts
